3AA
BILLINGS POLAR BEARS @ OTTAWA NATIONALS
08/24/2024
 
TOP OF THE 1ST
Billings Polar Bears batting - Pitching for Ottawa Nationals : RHP Travis Nelson
Pitching: RHP Travis Nelson
Batting: SHB Carlos Schultz 0-0: Bunt missed!
0-1: Foul Ball, location: 2F
0-2: Foul Ball, location: 2F
0-2: Foul Ball, location: 2F
0-2: Ball
1-2: Fly out, F2 (Popup, 2LF)
Batting: RHB Jesús Vásquez 0-0: Ball
1-0: Called Strike
1-1: Swinging Strike
1-2: Strikes out swinging
Batting: LHB Júlio Castro 0-0: Ball
1-0: Ball
2-0: Foul Ball, location: 2F
2-1: Ball
3-1: Base on Balls
Batting: LHB Armando Becerra 0-0: Called Strike
0-1: Ball
1-1: Fly out, F7 (Flyball, 7LSF)
Top of the 1st over - 0 run(s), 0 hit(s), 0 error(s), 1 left on base; Billings 0 - Ottawa 0
BOTTOM OF THE 1ST
Ottawa Nationals batting - Pitching for Billings Polar Bears : RHP Frank Glass
Pitching: RHP Frank Glass
Batting: RHB Michael Peterson 0-0: Called Strike
0-1: Ball
1-1: Ball
2-1: Swinging Strike
2-2: Ball
3-2: Foul Ball, location: 2F
3-2: Base on Balls
Batting: RHB Barry Welch 0-0: Ball
1-0: Fly out, F6 (Line Drive, 6D)
Batting: RHB Jesús Soto 0-0: Ball
Michael Peterson is caught stealing 2nd base
1-0: Swinging Strike
1-1: Swinging Strike
1-2: Ball
2-2: Strikes out swinging
Bottom of the 1st over - 0 run(s), 0 hit(s), 0 error(s), 0 left on base; Billings 0 - Ottawa 0
TOP OF THE 2ND
Billings Polar Bears batting - Pitching for Ottawa Nationals : RHP Travis Nelson
Batting: RHB Lúcio Marín 0-0: Foul Ball, location: 2F
0-1: Ground out 4-3 (Groundball, 4)
Batting: LHB Magali Lenidas 0-0: Ball
1-0: Ball
2-0: Fly out, F7 (Flyball, 78M)
Batting: LHB Braxton Mosley 0-0: Called Strike
0-1: Foul Ball, location: 2F
0-2: Fly out, F8 (Flyball, 78S)
Top of the 2nd over - 0 run(s), 0 hit(s), 0 error(s), 0 left on base; Billings 0 - Ottawa 0
BOTTOM OF THE 2ND
Ottawa Nationals batting - Pitching for Billings Polar Bears : RHP Frank Glass
Batting: RHB EP Weston 0-0: Swinging Strike
0-1: Called Strike
0-2: Strikes out swinging
Batting: RHB Dan Holliday 0-0: DOUBLE (Line Drive, 8LM)
Batting: RHB Paddy Hodnett 0-0: Called Strike
0-1: Called Strike
0-2: Ball
1-2: Ball
2-2: Ball
3-2: Foul Ball, location: 2F
3-2: Ground out 6-3 (Groundball, 6)
Batting: RHB Howard Fewell 0-0: Ball
1-0: Ball
2-0: Ball
3-0: Called Strike
3-1: Called Strike
3-2: Foul Ball, location: 2F
3-2: Strikes out swinging
Bottom of the 2nd over - 0 run(s), 1 hit(s), 0 error(s), 1 left on base; Billings 0 - Ottawa 0
TOP OF THE 3RD
Billings Polar Bears batting - Pitching for Ottawa Nationals : RHP Travis Nelson
Batting: LHB Felipe Trujillo 0-0: Swinging Strike
0-1: Swinging Strike
0-2: Strikes out swinging
Batting: SHB Bernard Gauthier 0-0: Called Strike
0-1: Ball
1-1: Ball
2-1: Fly out, F8 (Line Drive, 78M)
Batting: SHB Carlos Schultz 0-0: Swinging Strike
0-1: Ball
1-1: Foul Ball, location: 2F
1-2: Ball
2-2: Strikes out looking
Top of the 3rd over - 0 run(s), 0 hit(s), 0 error(s), 0 left on base; Billings 0 - Ottawa 0
BOTTOM OF THE 3RD
Ottawa Nationals batting - Pitching for Billings Polar Bears : RHP Frank Glass
Batting: RHB Louis Espinosa 0-0: Called Strike
0-1: Ball
1-1: Ball
2-1: Ball
3-1: Foul Ball, location: 2F
3-2: Ground out 4-3 (Groundball, 4)
Batting: LHB Javier Hernández 0-0: Ball
1-0: Ball
2-0: SINGLE (Flyball, 7LM)
Batting: RHB Michael Peterson 0-0: Swinging Strike
0-1: Called Strike
0-2: Strikes out swinging
Batting: RHB Barry Welch 0-0: Swinging Strike
0-1: Called Strike
0-2: SINGLE (Flyball, 9S)
Javier Hernández to second
Runner from 2nd tries for 3rd, SAFE, throw made to third
Batting: RHB Jesús Soto 0-0: SINGLE (Line Drive, 9S)
Javier Hernández scores
Barry Welch to second
Runner from 2nd tries for 3rd, SAFE, throw made to third
Batting: RHB EP Weston 0-0: Ball
1-0: Called Strike
1-1: DOUBLE (Flyball, 9D)
Barry Welch scores
Jesús Soto to third
Runner from 3rd tries for Home, SAFE, throw made home
Batting: RHB Dan Holliday 0-0: SINGLE (Line Drive, 34)
EP Weston to third
Batting: RHB Paddy Hodnett 0-0: Ball
1-0: Ball
Wild Pitch!
EP Weston scores
Dan Holliday to second
2-0: Foul Ball, location: 2F
2-1: Called Strike
2-2: Foul Ball, location: 2F
2-2: Ball
3-2: Strikes out swinging
Bottom of the 3rd over - 4 run(s), 5 hit(s), 0 error(s), 1 left on base; Billings 0 - Ottawa 4
TOP OF THE 4TH
Billings Polar Bears batting - Pitching for Ottawa Nationals : RHP Travis Nelson
Batting: RHB Jesús Vásquez 0-0: Swinging Strike
0-1: Ball
1-1: Ball
2-1: Ball
3-1: Base on Balls
Batting: LHB Júlio Castro 0-0: Fly out, F8 (Flyball, 8LD)
Batting: LHB Armando Becerra 0-0: Ball
1-0: Fly out, F8 (Flyball, 8RXD)
Batting: RHB Lúcio Marín 0-0: Ball
1-0: Foul Ball, location: 2F
1-1: Ball
2-1: Ball
3-1: Base on Balls
Jesús Vásquez to second
Batting: LHB Magali Lenidas 0-0: Fly out, F3 (Line Drive, 34)
Top of the 4th over - 0 run(s), 0 hit(s), 0 error(s), 2 left on base; Billings 0 - Ottawa 4
BOTTOM OF THE 4TH
Ottawa Nationals batting - Pitching for Billings Polar Bears : RHP Frank Glass
Batting: RHB Howard Fewell 0-0: Called Strike
0-1: Foul Ball, location: 2F
0-2: Ball
1-2: SINGLE (Groundball, 34D)
Batting: RHB Louis Espinosa 0-0: Called Strike
Howard Fewell steals 2nd base
0-1: Ball
1-1: Ball
2-1: Swinging Strike
2-2: Ball
3-2: Strikes out swinging
Batting: LHB Javier Hernández 0-0: Ball
Howard Fewell steals 3rd base
1-0: Foul Ball, location: 2F
1-1: Foul Ball, location: 2F
1-2: Ball
2-2: Foul Ball, location: 2F
2-2: Strikes out swinging
Pitching: RHP Orlando Ángel
Batting: RHB Michael Peterson 0-0: Called Strike
0-1: Called Strike
0-2: SINGLE (Flyball, 8LS)
Howard Fewell scores
Batting: RHB Barry Welch 0-0: Called Strike
0-1: Ball
Michael Peterson steals 2nd base
1-1: Foul Ball, location: 2F
1-2: Ball
2-2: Ball
3-2: Strikes out swinging
Bottom of the 4th over - 1 run(s), 2 hit(s), 0 error(s), 1 left on base; Billings 0 - Ottawa 5
TOP OF THE 5TH
Billings Polar Bears batting - Pitching for Ottawa Nationals : RHP Travis Nelson
Batting: LHB Braxton Mosley 0-0: Called Strike
0-1: Swinging Strike
0-2: SINGLE (Line Drive, 56D)
Batting: LHB Felipe Trujillo 0-0: Foul Ball, location: 2F
0-1: SINGLE (Groundball, 4MS)
Braxton Mosley to second
Runner from 2nd tries for 3rd, SAFE, no throw or cutoff
Batting: SHB Bernard Gauthier 0-0: Foul Ball, location: 2F
0-1: Ball
1-1: Foul Ball, location: 2F
1-2: Strikes out swinging
Batting: SHB Carlos Schultz 0-0: Ball
1-0: Ball
Felipe Trujillo is caught stealing 2nd base
2-0: Called Strike
2-1: Called Strike
2-2: Fly out, F9 (Flyball, 89XD)
Top of the 5th over - 0 run(s), 2 hit(s), 0 error(s), 1 left on base; Billings 0 - Ottawa 5
BOTTOM OF THE 5TH
Ottawa Nationals batting - Pitching for Billings Polar Bears : RHP Orlando Ángel
Batting: RHB Jesús Soto 0-0: Fly out, F3 (Line Drive, 3L)
Batting: RHB EP Weston 0-0: Ball
1-0: Ground out 6-3 (Groundball, 6MS)
Batting: RHB Dan Holliday 0-0: Ball
1-0: Ball
2-0: Called Strike
2-1: Foul Ball, location: 2F
2-2: Ground out 4-3 (Groundball, 4)
Bottom of the 5th over - 0 run(s), 0 hit(s), 0 error(s), 0 left on base; Billings 0 - Ottawa 5
TOP OF THE 6TH
Billings Polar Bears batting - Pitching for Ottawa Nationals : RHP Travis Nelson
Batting: RHB Jesús Vásquez 0-0: Ball
1-0: Ground out 5-3 (Groundball, 5S)
Batting: LHB Júlio Castro 0-0: Ball
1-0: Ground out 6-3 (Groundball, 6M)
Batting: LHB Armando Becerra 0-0: Called Strike
0-1: Ball
1-1: Swinging Strike
1-2: Foul Ball, location: 2F
1-2: Strikes out swinging
Top of the 6th over - 0 run(s), 0 hit(s), 0 error(s), 0 left on base; Billings 0 - Ottawa 5
BOTTOM OF THE 6TH
Ottawa Nationals batting - Pitching for Billings Polar Bears : RHP Orlando Ángel
Batting: RHB Paddy Hodnett 0-0: Ground out 4-3 (Groundball, 4)
Batting: RHB Howard Fewell 0-0: Called Strike
0-1: Ground out 6-3 (Groundball, 6M)
Batting: RHB Louis Espinosa 0-0: Called Strike
0-1: Fly out, F8 (Flyball, 8LS)
Bottom of the 6th over - 0 run(s), 0 hit(s), 0 error(s), 0 left on base; Billings 0 - Ottawa 5
TOP OF THE 7TH
Billings Polar Bears batting - Pitching for Ottawa Nationals : RHP Travis Nelson
Batting: RHB Lúcio Marín 0-0: Ball
1-0: Called Strike
1-1: Called Strike
1-2: SINGLE (Line Drive, 6D)
Batting: LHB Magali Lenidas 0-0: Foul Ball, location: 2F
0-1: Ball
1-1: Swinging Strike
1-2: Ball
2-2: Ball
3-2: Strikes out swinging
Batting: LHB Braxton Mosley 0-0: Foul Ball, location: 2F
0-1: Called Strike
0-2: Foul Ball, location: 2F
0-2: Grounds into double play, 4-6-3 (Groundball, 4)
Top of the 7th over - 0 run(s), 1 hit(s), 0 error(s), 0 left on base; Billings 0 - Ottawa 5
BOTTOM OF THE 7TH
Ottawa Nationals batting - Pitching for Billings Polar Bears : RHP Orlando Ángel
Batting: LHB Javier Hernández 0-0: Called Strike
0-1: Ball
1-1: Swinging Strike
1-2: Fly out, F8 (Flyball, 8LM)
Batting: RHB Michael Peterson 0-0: Ball
1-0: Ball
2-0: Ball
3-0: Base on Balls
Batting: RHB Barry Welch 0-0: Ground out 6-3 (Groundball, 6M)
Michael Peterson to second
Batting: RHB Jesús Soto 0-0: Swinging Strike
0-1: Ball
1-1: Foul Ball, location: 2F
1-2: Ball
2-2: Ground out 5-3 (Groundball, 5S)
Bottom of the 7th over - 0 run(s), 0 hit(s), 0 error(s), 1 left on base; Billings 0 - Ottawa 5
TOP OF THE 8TH
Billings Polar Bears batting - Pitching for Ottawa Nationals : RHP Travis Nelson
Batting: LHB Felipe Trujillo 0-0: Ball
1-0: Swinging Strike
1-1: Foul Ball, location: 2F
1-2: Ball
2-2: Foul Ball, location: 2F
2-2: Foul Ball, location: 2F
2-2: Ball
3-2: Ground out 4-3 (Groundball, 4)
Batting: SHB Bernard Gauthier 0-0: Ball
1-0: Ground out U3 (Groundball, 3L)
Batting: SHB Carlos Schultz 0-0: Ball
1-0: Foul Ball, location: 2F
1-1: Foul Ball, location: 2F
1-2: Foul Ball, location: 2F
1-2: Ball
2-2: Fly out, F7 (Flyball, 7M)
Top of the 8th over - 0 run(s), 0 hit(s), 0 error(s), 0 left on base; Billings 0 - Ottawa 5
BOTTOM OF THE 8TH
Ottawa Nationals batting - Pitching for Billings Polar Bears : RHP Orlando Ángel
Batting: RHB EP Weston 0-0: Called Strike
0-1: Reached on error, E5 (Groundball, 5)
Batting: RHB Dan Holliday 0-0: Called Strike
0-1: SINGLE (Line Drive, 89S)
EP Weston to second
Batting: RHB Paddy Hodnett 0-0: Reached on error, E1 (Groundball, 13S)
EP Weston scores
Dan Holliday to third
Batting: RHB Howard Fewell 0-0: Ball
1-0: Foul Ball, location: 2F
1-1: SINGLE (Flyball, 9S)
Dan Holliday scores
Paddy Hodnett to third
Runner from 3rd tries for Home, SAFE, throw made home
Howard Fewell to second
Batting: RHB Louis Espinosa 0-0: Ground out 6-3 (Groundball, 6)
Howard Fewell to third
Batting: LHB Javier Hernández 0-0: Ball
1-0: Ball
2-0: Foul Ball, location: 2F
2-1: Ball
3-1: Base on Balls
Batting: RHB Michael Peterson 0-0: Ball
1-0: Called Strike
1-1: Ball
2-1: Ball
3-1: Swinging Strike
3-2: Base on Balls
Javier Hernández to second
Batting: RHB Barry Welch 0-0: Ball
1-0: Foul Ball, location: 2F
1-1: Ball
Wild Pitch!
Howard Fewell scores
Javier Hernández to third
Michael Peterson to second
2-1: SINGLE (Line Drive, 6D)
Javier Hernández scores
Michael Peterson to third
Pitching: RHP José Maestas
Batting: RHB Jesús Soto 0-0: Ball
1-0: Grounds into double play, 6-4-3 (Groundball, 6)
Bottom of the 8th over - 5 run(s), 3 hit(s), 2 error(s), 1 left on base; Billings 0 - Ottawa 10
TOP OF THE 9TH
Billings Polar Bears batting - Pitching for Ottawa Nationals : RHP Travis Nelson
Now in CF: Dan Curtis
Now in RF: Marvin Collier
Batting: RHB Jesús Vásquez 0-0: Called Strike
0-1: Called Strike
0-2: Strikes out swinging
Pitching: RHP Ralph Ogstoun
Batting: LHB Júlio Castro 0-0: Ground out 6-3 (Groundball, 6)
Batting: LHB Armando Becerra 0-0: Ball
1-0: Ball
2-0: Called Strike
2-1: Ball
3-1: Foul Ball, location: 2F
3-2: SINGLE (Groundball, 3D)
Batting: RHB Lúcio Marín 0-0: Called Strike
0-1: Ball
1-1: Foul Ball, location: 2F
1-2: Strikes out swinging
Top of the 9th over - 0 run(s), 1 hit(s), 0 error(s), 1 left on base; Billings 0 - Ottawa 10
This league is powered by Out of the Park Baseball, the baseball management simulation game for PC, Mac and Linux
Monday, October 3rd, 2016 - OOTP Baseball 16.9 Build 39